PL
RICHARDSON CITY THUNDERCATS @ FT. WORTH CATTLEMEN
07/30/2023
 
TOP OF THE 1ST
Richardson City Thundercats batting - Pitching for Ft. Worth Cattlemen : LHP Bartolomeu Lio
Pitching: LHP Bartolomeu Lio
Batting: RHB Juan Cabrera 0-0: Called Strike
0-1: Ball
1-1: Called Strike
1-2: Ball
2-2: Foul Ball, location: 2F
2-2: Strikes out swinging
Batting: RHB Yong-oon Yi 0-0: Foul Ball, location: 2F
0-1: Ball
1-1: Foul Ball, location: 2F
1-2: Foul Ball, location: 2F
1-2: Ball
2-2: Fly out, F7 (Flyball, 78M)
Batting: RHB Chriss Mann 0-0: Fly out, F4 (Popup, 4M)
Top of the 1st over - 0 run(s), 0 hit(s), 0 error(s), 0 left on base; Richardson City 0 - Ft. Worth 0
BOTTOM OF THE 1ST
Ft. Worth Cattlemen batting - Pitching for Richardson City Thundercats : LHP Javier Ramírez
Pitching: LHP Javier Ramírez
Batting: RHB Jorge Rosa 0-0: Ball
1-0: Ball
2-0: Fly out, F3 (Popup, 3F)
Batting: SHB Robby Day 0-0: Ball
1-0: Ball
2-0: Foul Ball, location: 2F
2-1: Ground out U3 (Groundball, 3L)
Batting: RHB Robby Thomas 0-0: Swinging Strike
0-1: Foul Ball, location: 2F
0-2: Foul Ball, location: 2F
0-2: Strikes out looking
Bottom of the 1st over - 0 run(s), 0 hit(s), 0 error(s), 0 left on base; Richardson City 0 - Ft. Worth 0
TOP OF THE 2ND
Richardson City Thundercats batting - Pitching for Ft. Worth Cattlemen : LHP Bartolomeu Lio
Batting: RHB Joey Jones 0-0: Ball
1-0: Fly out, F6 (Popup, 15)
Batting: SHB Seishiro Nishimura 0-0: Ball
1-0: Fly out, F9 (Popup, 89S)
Batting: RHB Nate Cates 0-0: Called Strike
0-1: Ball
1-1: Ball
2-1: Swinging Strike
2-2: Ball
3-2: Ground out 5-3 (Groundball, 5L)
Top of the 2nd over - 0 run(s), 0 hit(s), 0 error(s), 0 left on base; Richardson City 0 - Ft. Worth 0
BOTTOM OF THE 2ND
Ft. Worth Cattlemen batting - Pitching for Richardson City Thundercats : LHP Javier Ramírez
Batting: RHB Bart Lewis 0-0: Ball
1-0: Ball
2-0: SINGLE (Groundball, 4M)
Batting: RHB Dave King 0-0: Grounds into double play, 5-4-3 (Groundball, 56)
Batting: RHB Alan Elder 0-0: Foul Ball, location: 2F
0-1: Foul Ball, location: 2F
0-2: Ball
1-2: Ground out 4-3 (Groundball, 4)
Bottom of the 2nd over - 0 run(s), 1 hit(s), 0 error(s), 0 left on base; Richardson City 0 - Ft. Worth 0
TOP OF THE 3RD
Richardson City Thundercats batting - Pitching for Ft. Worth Cattlemen : LHP Bartolomeu Lio
Batting: SHB Leonard O'Connor 0-0: Ball
1-0: Ball
2-0: Called Strike
2-1: SINGLE (Groundball, 56)
Batting: RHB Alden Wiley 0-0: Swinging Strike
0-1: Ball
1-1: Grounds into double play, 6-4-3 (Groundball, 6)
Batting: RHB Juan Orozco 0-0: Swinging Strike
0-1: Ball
1-1: Foul Ball, location: 2F
1-2: Strikes out swinging
Top of the 3rd over - 0 run(s), 1 hit(s), 0 error(s), 0 left on base; Richardson City 0 - Ft. Worth 0
BOTTOM OF THE 3RD
Ft. Worth Cattlemen batting - Pitching for Richardson City Thundercats : LHP Javier Ramírez
Batting: RHB Joey Morgan 0-0: Called Strike
0-1: Foul Ball, location: 2F
0-2: Ball
1-2: Foul Ball, location: 2F
1-2: Ball
2-2: Ball
3-2: Foul Ball, location: 2F
3-2: Base on Balls
Batting: RHB Matt Sheppard 0-0: Called Strike
0-1: Swinging Strike
0-2: Grounds into double play, 5-4-3 (Groundball, 5)
Batting: LHB Ryan Westlake 0-0: Ball
1-0: Ball
2-0: Ball
3-0: Called Strike
3-1: Fly out, F7 (Flyball, 7M)
Bottom of the 3rd over - 0 run(s), 0 hit(s), 0 error(s), 0 left on base; Richardson City 0 - Ft. Worth 0
TOP OF THE 4TH
Richardson City Thundercats batting - Pitching for Ft. Worth Cattlemen : LHP Bartolomeu Lio
Batting: RHB Juan Cabrera 0-0: Swinging Strike
0-1: Swinging Strike
0-2: Foul Ball, location: 2F
0-2: Ball
1-2: Ball
2-2: Foul Ball, location: 2F
2-2: Ground out 5-3 (Groundball, 5S)
Batting: RHB Yong-oon Yi 0-0: Ball
1-0: Swinging Strike
1-1: Ball
2-1: Ball
3-1: Base on Balls
Batting: RHB Chriss Mann 0-0: Foul Ball, location: 2F
0-1: Ball
1-1: Foul Ball, location: 2F
1-2: Ball
2-2: Foul Ball, location: 2F
2-2: Ball
3-2: Fly out, F6 (Popup, 6MD)
Batting: RHB Joey Jones 0-0: Ball
1-0: Called Strike
1-1: Ball
2-1: Ball
3-1: Foul Ball, location: 2F
3-2: Base on Balls
Yong-oon Yi to second
Batting: SHB Seishiro Nishimura 0-0: Ball
1-0: Foul Ball, location: 2F
1-1: Fielders Choice at 2nd, 6-4 (Groundball, 6)
Top of the 4th over - 0 run(s), 0 hit(s), 0 error(s), 1 left on base; Richardson City 0 - Ft. Worth 0
BOTTOM OF THE 4TH
Ft. Worth Cattlemen batting - Pitching for Richardson City Thundercats : LHP Javier Ramírez
Batting: RHB Jorge Rosa 0-0: Called Strike
0-1: Foul Ball, location: 2F
0-2: Foul Ball, location: 2F
0-2: Ball
1-2: Ground out 6-3 (Groundball, 6)
Batting: SHB Robby Day 0-0: Reached on error, E5 (Groundball, 56S)
Batting: RHB Robby Thomas 0-0: Called Strike
0-1: Fly out, F9 (Flyball, 89D)
Batting: RHB Bart Lewis 0-0: Called Strike
0-1: Ball
1-1: Ground out U3 (Groundball, 3L)
Bottom of the 4th over - 0 run(s), 0 hit(s), 1 error(s), 1 left on base; Richardson City 0 - Ft. Worth 0
TOP OF THE 5TH
Richardson City Thundercats batting - Pitching for Ft. Worth Cattlemen : LHP Bartolomeu Lio
Batting: RHB Nate Cates 0-0: Called Strike
0-1: Foul Ball, location: 2F
0-2: Ball
1-2: Ball
2-2: Fly out, F9 (Flyball, 9M)
Batting: SHB Leonard O'Connor 0-0: Ball
1-0: Called Strike
1-1: Ball
2-1: Called Strike
2-2: Foul Ball, location: 2F
2-2: Strikes out looking
Batting: RHB Alden Wiley 0-0: Called Strike
0-1: Called Strike
0-2: Foul Ball, location: 2F
0-2: Ball
1-2: Foul Ball, location: 2F
1-2: Ground out 6-3 (Groundball, 6)
Top of the 5th over - 0 run(s), 0 hit(s), 0 error(s), 0 left on base; Richardson City 0 - Ft. Worth 0
BOTTOM OF THE 5TH
Ft. Worth Cattlemen batting - Pitching for Richardson City Thundercats : LHP Javier Ramírez
Batting: RHB Dave King 0-0: Ball
1-0: Called Strike
1-1: Ground out 1-3 (Groundball, 15)
Batting: RHB Alan Elder 0-0: Ball
1-0: Ball
2-0: Ball
3-0: Foul Ball, location: 2F
3-1: Base on Balls
Batting: RHB Joey Morgan 0-0: Swinging Strike
0-1: Called Strike
0-2: Strikes out looking
Batting: RHB Matt Sheppard 0-0: Ball
1-0: Called Strike
1-1: Swinging Strike
1-2: Foul Ball, location: 2F
1-2: Strikes out looking
Bottom of the 5th over - 0 run(s), 0 hit(s), 0 error(s), 1 left on base; Richardson City 0 - Ft. Worth 0
TOP OF THE 6TH
Richardson City Thundercats batting - Pitching for Ft. Worth Cattlemen : LHP Bartolomeu Lio
Batting: RHB Juan Orozco 0-0: Foul Ball, location: 2F
0-1: Ground out 6-3 (Groundball, 6M)
Batting: RHB Juan Cabrera 0-0: SINGLE (Line Drive, 78M)
Batting: RHB Yong-oon Yi 0-0: SINGLE (Groundball, 56D)
Juan Cabrera to second
Batting: RHB Chriss Mann 0-0: Ball
1-0: Called Strike
1-1: Ball
Single, Error in OF, E8, batter to second base
Juan Cabrera scores
Yong-oon Yi to third
Batting: RHB Joey Jones 0-0: Ball
1-0: Ball
2-0: Ball
3-0: Called Strike
3-1: Base on Balls
Pitching: LHP Juan Sánchez
Batting: SHB Seishiro Nishimura 0-0: Ball
1-0: Ball
2-0: Called Strike
2-1: Ball
3-1: Foul Ball, location: 2F
3-2: Base on Balls
Yong-oon Yi scores
Chriss Mann to third
Joey Jones to second
Batting: RHB Nate Cates 0-0: Ball
1-0: Foul Ball, location: 2F
1-1: Ball
2-1: Foul Ball, location: 2F
2-2: DOUBLE (Line Drive, 8LM)
Chriss Mann scores
Joey Jones scores
Seishiro Nishimura to third
Runner from 3rd tries for Home, SAFE, throw made at trailing runner, OUT at third!
Batting: SHB Leonard O'Connor 0-0: SINGLE (Flyball, 8LS)
Batting: RHB Alden Wiley 0-0: Ball
1-0: Fly out, F8 (Flyball, 78XD)
Top of the 6th over - 5 run(s), 5 hit(s), 1 error(s), 1 left on base; Richardson City 5 - Ft. Worth 0
BOTTOM OF THE 6TH
Ft. Worth Cattlemen batting - Pitching for Richardson City Thundercats : LHP Javier Ramírez
Batting: LHB Ryan Westlake 0-0: Ball
1-0: Ball
2-0: Called Strike
2-1: Ball
3-1: Base on Balls
Batting: RHB Jorge Rosa 0-0: Swinging Strike
0-1: Foul Ball, location: 2F
0-2: Ground out 5-3 (Groundball, 15S)
Ryan Westlake to second
Batting: SHB Robby Day 0-0: Ball
1-0: SINGLE (Line Drive, 7LS)
Ryan Westlake to third
Batting: RHB Robby Thomas 0-0: Called Strike
0-1: Swinging Strike
0-2: Strikes out swinging
Batting: RHB Bart Lewis 0-0: Ball
1-0: Ball
2-0: Foul Ball, location: 2F
2-1: Ball
3-1: Base on Balls
Robby Day to second
Batting: RHB Dave King 0-0: Ball
1-0: Ball
2-0: Called Strike
2-1: Ball
3-1: Base on Balls
Ryan Westlake scores
Robby Day to third
Bart Lewis to second
Batting: RHB Alan Elder 0-0: Ball
1-0: SINGLE (Line Drive, 9S)
Robby Day scores
Bart Lewis to third
Dave King to second
Runner from 3rd tries for Home, SAFE, no throw or cutoff
Batting: RHB Joey Morgan 0-0: Ball
1-0: Ball
2-0: Foul Ball, location: 2F
2-1: Ball
3-1: Base on Balls
Dave King to third
Alan Elder to second
Batting: RHB Matt Sheppard 0-0: SINGLE (Groundball, 6MD)
Dave King scores
Alan Elder to third
Joey Morgan to second
Runner from 3rd tries for Home, SAFE, throw made at trailing runner, OUT at third!
Bottom of the 6th over - 5 run(s), 3 hit(s), 0 error(s), 1 left on base; Richardson City 5 - Ft. Worth 5
TOP OF THE 7TH
Richardson City Thundercats batting - Pitching for Ft. Worth Cattlemen : LHP Juan Sánchez
Batting: RHB Juan Orozco 0-0: Called Strike
0-1: Ball
1-1: SINGLE (Groundball, 56D)
Batting: RHB Juan Cabrera 0-0: SINGLE (Groundball, 56D)
Juan Orozco to second
Batting: RHB Yong-oon Yi 0-0: Ball
1-0: Ball
2-0: Called Strike
2-1: Fly out, F4 (Popup, 4MD)
Batting: RHB Chriss Mann 0-0: Foul Ball, location: 2F
0-1: Ball
1-1: Ball
2-1: Ball
3-1: Called Strike
3-2: Base on Balls
Juan Orozco to third
Juan Cabrera to second
Batting: RHB Joey Jones 0-0: Reached on error, E5 (Groundball, 56)
Juan Orozco scores
Juan Cabrera to third
Chriss Mann to second
Pitching: LHP Jason Horne
Batting: SHB Seishiro Nishimura 0-0: Ball
1-0: Called Strike
1-1: Foul Ball, location: 2F
1-2: Fly out, F7 (Flyball, 7LMF)
Runner from 3rd tags up, SCORES, no throw
Batting: RHB Nate Cates 0-0: Called Strike
0-1: Foul Ball, location: 2F
0-2: Ball
1-2: Strikes out swinging
Top of the 7th over - 2 run(s), 2 hit(s), 1 error(s), 2 left on base; Richardson City 7 - Ft. Worth 5
BOTTOM OF THE 7TH
Ft. Worth Cattlemen batting - Pitching for Richardson City Thundercats : LHP Javier Ramírez
Pitching: RHP Juan Cruz
Batting: LHB Ryan Westlake 0-0: Ball
1-0: Swinging Strike
1-1: Ball
2-1: Foul Ball, location: 2F
2-2: Ball
3-2: Ground out 5-3 (Groundball, 56S)
Batting: RHB Jorge Rosa 0-0: Foul Ball, location: 2F
0-1: Ball
1-1: Ball
2-1: Foul Ball, location: 2F
2-2: Foul Ball, location: 2F
2-2: Fly out, F7 (Line Drive, 7S)
Batting: SHB Robby Day 0-0: Ball
1-0: Ball
2-0: Foul Ball, location: 2F
2-1: Called Strike
2-2: Foul Ball, location: 2F
2-2: Ground out 4-3 (Groundball, 34)
Bottom of the 7th over - 0 run(s), 0 hit(s), 0 error(s), 0 left on base; Richardson City 7 - Ft. Worth 5
TOP OF THE 8TH
Richardson City Thundercats batting - Pitching for Ft. Worth Cattlemen : LHP Jason Horne
Batting: SHB Leonard O'Connor 0-0: Ball
1-0: Ball
2-0: Called Strike
2-1: Ball
3-1: Swinging Strike
3-2: Foul Ball, location: 2F
3-2: Foul Ball, location: 2F
3-2: Ground out 4-3 (Groundball, 4)
Batting: RHB Alden Wiley 0-0: Ball
1-0: Ball
2-0: Ball
3-0: Called Strike
3-1: Ground out 5-3 (Groundball, 5S)
Batting: RHB Juan Orozco 0-0: Ball
1-0: Ball
2-0: Foul Ball, location: 2F
2-1: Foul Ball, location: 2F
2-2: DOUBLE (Line Drive, 78M)
Batting: RHB Juan Cabrera 0-0: Fly out, F8 (Flyball, 8LM)
Top of the 8th over - 0 run(s), 1 hit(s), 0 error(s), 1 left on base; Richardson City 7 - Ft. Worth 5
BOTTOM OF THE 8TH
Ft. Worth Cattlemen batting - Pitching for Richardson City Thundercats : RHP Juan Cruz
Batting: RHB Robby Thomas 0-0: Foul Ball, location: 2F
0-1: Ball
1-1: Ball
2-1: Fly out, F7 (Flyball, 78D)
Batting: RHB Bart Lewis 0-0: Ball
1-0: Ball
2-0: Foul Ball, location: 2F
2-1: Ball
3-1: Fly out, F7 (Flyball, 7M)
Batting: RHB Dave King 0-0: Swinging Strike
0-1: Called Strike
0-2: SOLO HOME RUN (Flyball, 7D), Distance : 371 ft
Batting: RHB Alan Elder 0-0: Ball
1-0: Called Strike
1-1: Ball
2-1: Ball
3-1: Base on Balls
Batting: RHB Joey Morgan 0-0: Ball
1-0: Ball
2-0: Ball
3-0: Base on Balls
Alan Elder to second
Pitching: RHP Ryan Davis
Pinch Hitting: LHB Toyokazu Asano 0-0: Foul Ball, location: 2F
0-1: Fielders Choice at 2nd, 5-4 (Groundball, 5)
Bottom of the 8th over - 1 run(s), 1 hit(s), 0 error(s), 1 left on base; Richardson City 7 - Ft. Worth 6
TOP OF THE 9TH
Richardson City Thundercats batting - Pitching for Ft. Worth Cattlemen : LHP Jason Horne
Pitching: RHP Arinori Shibata
Now at 3B: Jack Weber
Batting: RHB Yong-oon Yi 0-0: Ball
1-0: DOUBLE (Line Drive, 8LXD)
Batting: RHB Chriss Mann 0-0: Swinging Strike
0-1: Ball
1-1: Foul Ball, location: 2F
1-2: SINGLE (Line Drive, 6MD)
Yong-oon Yi to third
Batting: RHB Joey Jones 0-0: Ball
1-0: Ball
2-0: Ball
3-0: Called Strike
3-1: Base on Balls
Chriss Mann to second
Batting: SHB Seishiro Nishimura 0-0: Swinging Strike
0-1: Fly out, F5 (Popup, 15)
Batting: RHB Nate Cates 0-0: Swinging Strike
0-1: SINGLE (Groundball, 56D)
Yong-oon Yi scores
Chriss Mann to third
Joey Jones to second
Runner from 3rd tries for Home, SAFE, no throw or cutoff
Pitching: RHP Francisco López
Batting: SHB Leonard O'Connor 0-0: Fly out, F3 (Line Drive, 3)
0-0: Lined into DP, U3 (Line Drive, 3)
Top of the 9th over - 2 run(s), 3 hit(s), 0 error(s), 1 left on base; Richardson City 9 - Ft. Worth 6
BOTTOM OF THE 9TH
Ft. Worth Cattlemen batting - Pitching for Richardson City Thundercats : RHP Ryan Davis
Batting: LHB Ryan Westlake 0-0: Foul Ball, location: 2F
0-1: Swinging Strike
0-2: Ball
1-2: Ball
2-2: Strikes out swinging
Batting: RHB Jorge Rosa 0-0: Ball
1-0: Foul Ball, location: 2F
1-1: Called Strike
1-2: Ball
2-2: Ball
3-2: Strikes out swinging
Batting: SHB Robby Day 0-0: Ball
1-0: Swinging Strike
1-1: Foul Ball, location: 2F
1-2: Fly out, F7 (Flyball, 7M)
Bottom of the 9th over - 0 run(s), 0 hit(s), 0 error(s), 0 left on base; Richardson City 9 - Ft. Worth 6
This league is powered by Out of the Park Baseball, the baseball management simulation game for PC, Mac and Linux
Friday, July 8th, 2016 - OOTP Baseball 16.9 Build 39